Map: Waterfall

Players

Sanasano - Winner!

  • Race: Zerg Zerg
  • League: Platinum
  • Spawn Location: 7:00

zerogumd

  • Race: Terran Terran
  • League: Diamond
  • Spawn Location: 1:00

VOD

Have the link to the VOD?

Description

Time

  • Played on: Jan. 6, 2023, 1:32 a.m.
  • Length: 9:03
Show
View Real Time Build Order
Export as new Build Order

Sanasano Zerg - Winner!

Build Orders: Pool First 

Get SALT Encoding   

  12  0:00  Drone  
  13  0:12  Overlord  
  13  0:17  Drone  
  14  0:30  Drone x2  
  16  0:42  Spawning Pool  
  15  0:44  Drone  
  16  0:54  Drone  
  17  1:11  Hatchery  
  16  1:15  Drone  
  16  1:16  Extractor  
  16  1:19  Drone  
  17  1:30  Queen  
  19  1:33  Zergling x2  
  20  1:40  Zergling x2  
  21  1:50  Overlord  
  21  2:10  Queen  
  23  2:19  Hatchery  
  23  2:21  Drone  
  23  2:33  Drone x3  
  27  2:44  Drone x2  
  27  2:52  Drone  
  27  2:53  Drone  
  27  2:54  Drone  
  30  2:58  Metabolic Boost  
  30  3:04  Drone  
  30  3:05  Drone  
  31  3:13  Drone  
  31  3:14  Drone  
  31  3:17  Drone x2  
  35  3:25  Drone  
  35  3:26  Overlord  
  36  3:29  Overlord  
  36  3:33  Drone  
  38  3:34  Drone  
  38  3:38  Drone x2  
  38  3:39  Drone  
  41  3:44  Drone x2  
  41  3:45  Drone  
  41  3:48  Drone  
  45  3:49  Drone  
  45  3:53  Overlord  
  46  4:01  Drone x3  
  46  4:02  Drone x2  
  51  4:07  Queen  
  53  4:13  Extractor  
  53  4:15  Extractor  
  51  4:18  Lair  
  51  4:20  Drone x2  
  51  4:21  Roach Warren  
  51  4:22  Drone  
  53  4:27  Queen  
  53  4:30  Drone x2  
  57  4:34  Extractor  
  56  4:40  Evolution Chamber  
  56  4:42  Overlord  
  56  4:43  Overlord  
  56  4:45  Overlord  
  55  4:53  Zergling x8  
  55  4:54  Zergling x2  
  55  4:56  Drone  
  55  4:57  Drone x2  
  63  5:05  Drone  
  63  5:06  Drone x3  
  68  5:07  Drone  
  68  5:10  Zerg Missile Weapons Level 1  
  68  5:15  Glial Reconstitution  
  68  5:17  Roach  
  68  5:18  Roach x5  
  80  5:23  Queen  
  82  5:30  Overseer  
  82  5:33  Pneumatized Carapace  
  82  5:40  Overlord  
  82  5:41  Overlord x5  
  82  5:47  Drone, Evolution Chamber  
  82  5:48  Overlord  
  82  5:56  Overlord  
  82  5:57  Overlord  
  82  6:02  Ravager x6  
  82  6:03  Overlord  
  82  6:04  Overlord x2  
  88  6:06  Spore Crawler  
  88  6:07  Drone  
  88  6:08  Drone  
  89  6:12  Drone x3  
  89  6:14  Drone  
  89  6:15  Drone x2  
  95  6:19  Roach  
  95  6:20  Roach  
  89  6:38  Overseer x3  
  89  6:39  Extractor  
  87  6:40  Extractor  
  87  6:41  Zerg Ground Armor Level 1  
  87  6:45  Roach  
  87  6:46  Roach x5  
  98  6:47  Roach  
  98  6:54  Drone x3  
  102  6:55  Drone  
  102  6:59  Roach x2  
  102  7:00  Hatchery, Roach x2  
  111  7:09  Roach  
  111  7:10  Roach x5  
  111  7:11  Ravager  
  122  7:18  Roach x3  
  122  7:19  Roach  
  122  7:20  Roach  
  132  7:29  Roach  
  138  7:30  Roach x4  
  138  7:31  Overseer  
  134  7:38  Zergling x2  
  134  7:39  Zergling x4  
  134  7:42  Overseer  
  134  7:44  Zergling x8  
  119  8:17  Roach  
  119  8:18  Roach x6  
  119  8:19  Overlord x7  
  128  8:31  Overlord x2  
  126  8:35  Spire  
  126  8:36  Hydralisk Den  
  121  8:41  Roach  
  121  8:42  Roach x7  
  134  8:53  Ravager  
  134  8:54  Ravager  
Show
View Real Time Build Order
Export as new Build Order

zerogumd Terran 

Build Orders: 2 Factory, Command Center First (CC) 

Get SALT Encoding   

  12  0:01  SCV  
  13  0:13  SCV  
  14  0:17  Supply Depot  
  14  0:25  SCV  
  15  0:39  SCV  
  16  0:51  SCV  
  17  1:01  Command Center  
  17  1:04  SCV  
  18  1:14  Barracks  
  18  1:18  SCV  
  19  1:25  Refinery  
  19  1:30  SCV  
  20  1:34  Refinery  
  20  1:42  SCV  
  21  1:54  SCV  
  21  2:00  Marine  
  23  2:04  Bunker  
  23  2:07  Orbital Command  
  23  2:23  Barracks Tech Lab  
  23  2:26  Factory  
  22  2:43  Marine  
  23  2:46  SCV  
  23  2:47  Orbital Command  
  22  2:58  SCV  
  22  3:10  SCV  
  23  3:19  SCV  
  23  3:24  Factory  
  23  3:28  SCV  
  24  3:35  Refinery  
  24  3:43  SCV x2  
  24  3:48  Cyclone  
  29  3:50  Barracks Reactor  
  29  3:55  SCV x2  
  31  4:03  Mag-Field Accelerator  
  31  4:07  SCV x2  
  33  4:19  SCV  
  33  4:20  SCV  
  33  4:21  Cyclone, Refinery  
  38  4:28  Armory  
  38  4:37  Factory  
  38  4:38  Supply Depot  
  38  4:39  Supply Depot, SCV x2  
  38  4:40  Widow Mine  
  38  4:41  Widow Mine  
  44  4:51  SCV x2  
  44  4:52  Barracks Tech Lab  
  46  5:00  Cyclone  
  49  5:08  SCV x2  
  49  5:12  Widow Mine x2  
  55  5:20  SCV x2  
  57  5:28  Terran Vehicle And Ship Armor Level 1  
  57  5:32  SCV x2  
  59  5:36  Cyclone  
  62  5:43  Supply Depot  
  62  5:51  Widow Mine x2, SCV x2  
  62  5:52  Supply Depot  
  68  6:00  Drilling Claws  
  68  6:03  SCV x2  
  70  6:05  Cyclone  
  70  6:10  Cyclone  
  76  6:23  Command Center  
  73  6:37  SCV x2  
  73  6:38  Widow Mine, Cyclone  
  73  6:39  Widow Mine  
  80  6:43  Cyclone  
  83  6:49  SCV  
  83  6:54  Factory  
  84  6:55  SCV  
  84  6:57  Factory  
  85  7:01  SCV  
  83  7:18  Widow Mine, Cyclone x2  
  72  7:43  Widow Mine  
  72  7:44  Widow Mine  
  76  7:50  Cyclone x2  
  54  8:17  SCV x3  
  44  8:20  Widow Mine x2  
  44  8:22  Factory Tech Lab x2, Cyclone  
  42  8:29  SCV  
Tags
 
Add a new tag
Caveats
  • Supply blocks, unpowered buildings, or Contaminate may cause inaccurate times.
  • Supply counts are checked every 10 seconds.